 Dungeon Crawl Stone Soup version 0.28.0-43-g3370ac3207 (webtiles) character file.

Game seed: 8724827097626022284

67 tizbic2 the Cudgeller (level 4, -2/45 HPs)
             Began as an Ogre Gladiator on Mar 11, 2022.
             Was an Initiate of Gozag.
             Killed by nerve-wracking pain
             ... invoked by Grinder
              (11 damage)
             ... on level 3 of the Dungeon.
             The game lasted 00:07:37 (2520 turns).

tizbic2 the Cudgeller (Ogre Gladiator)              Turns: 2520, Time: 00:07:38

Health: -2/45      AC:  4    Str: 20    XL:     4   Next: 18%
Magic:  4/4        EV: 10    Int:  9    God:    Gozag
Gold:   337        SH:  0    Dex: 10    Spells: 3/3 levels left

rFire   . . .      SeeInvis .   i - +1 dagger (speed)
rCold   . . .      Faith    .   (no shield)
rNeg    . . .      Spirit   .   b - +0 robe
rPois   .          Reflect  .   c - +0 hat
rElec   .          Harm     .   j - +0 cloak
rCorr   .          Rampage  .   (gloves unavailable)
Will    .....                   (boots unavailable)
Stlth   +.........              l - amulet of regeneration
HPRegen 0.95/turn               (no ring)
MPRegen 0.09/turn               (no ring)

@: no status effects
A: large, unfitting armour, tough skin 1
a: Renounce Religion, Potion Petition, Call Merchant, Bribe Branch


You were on level 3 of the Dungeon.
You worshipped Gozag.
Gozag was aware of your devotion.
You visited 1 branch of the dungeon, and saw 3 of its levels.

You collected 337 gold pieces.

Inventory:

Hand Weapons
 a - a +0 flail
 i - a +1 dagger of speed (weapon)
Missiles
 f - 153 stones (quivered)
Armour
 b - a +0 robe (worn)
 c - a +0 hat (worn)
 j - a +0 cloak (worn)
Jewellery
 l - an amulet of regeneration (around neck)
Scrolls
 g - a scroll of teleportation
Potions
 e - a potion of attraction {unknown}
 k - a potion of might {unknown}
 m - 2 potions of mutation {unknown}
 n - a potion of flight {unknown}
 o - 3 potions of degeneration {unknown}
 p - a potion of berserk rage {unknown}


   Skills:
 + Level 3.3 Fighting
 * Level 3.3 Maces & Flails
 * Level 3.0 Throwing
 + Level 3.0 Dodging


You had 3 spell levels left.
You didn't know any spells.
Your spell library was empty.

Dungeon Overview and Level Annotations

Branches:
Dungeon (3/15)

Altars:
Gozag

Annotations:
D:3 Grinder


Innate Abilities, Weirdness & Mutations

You are too large for most types of armour.
You have tough skin. (AC +1)


Message History

Aim: Grinder (moderately wounded, 53% to hit)
You throw a throwing net. The throwing net hits Grinder.
Grinder is caught in the net!
Grinder is moderately wounded.
You hit Grinder.
Grinder is moderately wounded.
Grinder gestures at you. Pain shoots through your body!
* * * LOW HITPOINT WARNING * * *
Grinder struggles against the net.
A frilled lizard comes into view.
The frilled lizard hisses angrily.
You hit Grinder but do no damage.
Grinder is moderately wounded.
You hit Grinder but do no damage.
Grinder is moderately wounded.
You hit Grinder.
Grinder is heavily wounded.
Grinder struggles against the net.
You hit Grinder.
Grinder is heavily wounded.
Grinder struggles against the net.
You hit Grinder.
Grinder is severely wounded.
Grinder blinks!
Things that are here:
a throwing net; a poisoned dart
d - a throwing net Throw: throwing net
Press: ? - help, Q - select action, (/) - cycle Shift-Dir - straight line, f/p - Grinder
Aim: Grinder (severely wounded, 53% to hit)
You throw a throwing net. The throwing net hits Grinder.
Grinder is caught in the net!
Grinder is severely wounded.
Grinder struggles against the net.
The frilled lizard bites you.
* * * LOW HITPOINT WARNING * * *
Grinder gestures at you. Pain shoots through your body!
You die...
Your body crumbles into a pile of gold.

...##.#####.....
.###.... ..#...#
......## #.##.. ......#
#.##.# .##..#####.##.+
........##.##.#####
###..#...#.#..l.((#####.
#...#.#......(#.......
###........#.(.#@(###
.....##.....(.....#
####.#####.######.5.
##.# #.## #### #...# ###


You could see Grinder (caught) and a frilled lizard.

Vanquished Creatures
  A gnoll (D:1)
  An adder (D:2)
  A worm (D:2)
  A dart slug (D:2)
  4 bats
  An endoplasm (D:2)
  2 giant cockroaches (D:1)
  6 goblins
  4 hobgoblins
  3 jackals (D:2)
  4 quokkas
  A ball python (D:1)
  3 frilled lizards (D:2)
  2 kobolds
  8 rats
42 creatures vanquished.

Notes
Turn   | Place    | Note
-------+----------+-------------------------------------------
     0 | D:1      | tizbic2 the Ogre Gladiator began the quest for the Orb.
     0 | D:1      | Reached XP level 1. HP: 22/22 MP: 1/1
   156 | D:1      | Found a faded altar of an unknown god.
   200 | D:1      | Reached XP level 2. HP: 29/29 MP: 2/2
   846 | D:1      | Reached XP level 3. HP: 20/37 MP: 3/3
  1060 | D:1      | Prayed at the altar of an unknown god.
  1060 | D:1      | Became a worshipper of Gozag Ym Sagoz the Greedy
  1790 | D:2      | Reached XP level 4. HP: 45/45 MP: 4/4
  2468 | D:3      | Noticed Grinder
  2520 | D:3      | Killed from afar by Grinder

Illustrated notes

Levels and vault maps discovered:
D:1:      evilmike_arrival_rings, layout_rooms, basic_ecumenical_altar,
          minmay_misc_feat_rows
D:2:      layout_rooms
D:3:      layout_loops_corners, mainiacjoe_overflow_surrounded_room,
          uniq_grinder

Skill      XL: |  1  2  3  4 |
---------------+-------------+-----
Fighting       | 3 |  3.3
Maces & Flails | 3 |  3.3
Dodging        | 3 |  3.0
Throwing       | 3 |  3.0

Action                   |  1- 3 |  4- 6 || total
-------------------------+-------+-------++-------
Melee: Flail             |    19 |       ||    19
       Dagger            |    91 |    68 ||   159
       Punch             |     1 |       ||     1
Throw: Stone             |    63 |     6 ||    69
       Throwing net      |     1 |     5 ||     6
       Dart              |       |    12 ||    12
  Use: Scroll            |       |     3 ||     3
Armor: Robe              |    40 |    14 ||    54
Dodge: Dodged            |    62 |    17 ||    79
